 Dungeon Crawl Stone Soup version 0.22.1-1-ga44c0e5 (webtiles) character file.

250 Folque the Vandal (level 6, -3/64 HPs)
             Began as a Halfling Hunter on Sept 22, 2018.
             Slain by an orc priest (5 damage)
             ... on level 3 of the Dungeon on Sept 23, 2018.
             The game lasted 00:12:15 (2974 turns).

Folque the Vandal (Halfling Hunter)                 Turns: 2974, Time: 00:12:16

Health: -3/64      AC:  4    Str: 17 (18) XL:     6   Next: 35%
Magic:  6/6        EV: 15    Int:  7 (9)  God:
Gold:   65         SH:  0    Dex: 14 (17) Spells: 5/5 levels left

rFire    . . .     SeeInvis .   b - +1 short sword
rCold    . . .     Gourm    .   (shield restricted)
rNeg     . . .     Faith    .   c - +1 leather armour
rPois    .         Spirit   .   (no helmet)
rElec    .         Reflect  .   (no cloak)
rCorr    .         Harm     .   (no gloves)
MR       .....                  (no boots)
Stlth    ..........             (no amulet)
HPRegen  0.20/turn              (no ring)
MPRegen  0.10/turn              (no ring)

@: berserking, flying, very quick
A: small, mutation resistance 1
a: no special abilities


You were on level 3 of the Dungeon.
You were hungry.

You visited 1 branch of the dungeon, and saw 4 of its levels.

You collected 65 gold pieces.

Inventory:

Hand Weapons
 a - a +1 hunting sling
 b - a +1 short sword (weapon)
Missiles
 d - 20 sling bullets
 h - 166 stones (quivered)
 l - 5 tomahawks
 q - 40 poisoned needles
Armour
 c - a +1 leather armour (worn)
Jewellery
 p - a +5 ring of dexterity {unknown}
Wands
 o - a wand of iceblast (14)
Scrolls
 i - 2 scrolls of magic mapping {unknown}
 k - 2 scrolls of immolation
 n - 2 scrolls of enchant weapon
 s - a scroll of blinking {unknown}
 u - a scroll of identify
 v - a scroll of remove curse
Potions
 e - a potion of flight
 m - 2 potions of haste
 t - a potion of brilliance {unknown}
 w - 2 potions of might {unknown}
Comestibles
 f - 5 rations


   Skills:
 - Level 4.0 Fighting
 + Level 2.4 Short Blades
 - Level 7.1 Slings
 + Level 0.7 Armour
 * Level 3.1 Dodging
 - Level 1.1 Stealth


You had 5 spell levels left.
You didn't know any spells.
Your spell library was empty.

Dungeon Overview and Level Annotations

Branches:
Dungeon (4/15)
 Temple: D:4-7

Altars:
Ashenzari
Cheibriados
Dithmenos
Elyvilon
Makhleb
Nemelex Xobeh
Okawaru
Trog
Vehumet
Wu Jian
Yredelemnul


Innate Abilities, Weirdness & Mutations

You are small and have problems with some larger weapons.
You are somewhat resistant to further mutation.


Message History

It was a potion of flight.
You feel very buoyant.
You fly up into the air.
It was a potion of degeneration.
There was something very wrong with that liquid.
You feel weakened.
You feel dopey.
You feel clumsy. The orc priest misses you.
It was a potion of berserk rage.
A red film seems to cover your vision as you go berserk!
You feel yourself moving faster!
You feel mighty! The orc priest misses you.
The orc priest hits you with an enchanted war axe!
* * * LOW HITPOINT WARNING * * *
You are too berserk!
You are too berserk!
Really attack while wielding your +1 hunting sling?
Okay, then.
Wield which item (- for none, * to show all)? (? for menu, Esc to quit)
b - a +1 short sword (weapon)
The orc priest hits you.
You die...

...## #..)>...########.# ##.
....## ###.......#........# ##..
.....###.........#.####...####...
.....'.......................'...
.....###....##.#.#.##......###...
....## #.#.##....#.##.##...# ##..
...## #.###>.#..#.##.###.## ##.
..## #.# #(..oo#........# ## '##
#.# #.###@##.#..#### # .#
#.###.###.##.#..# .#
#.........##.#.)## .##
#####.######.#...# # ..## #.#
#.##..######### ...# #.#
#.##..##.....#. ..## #.#
#.##..##.....## .## ########.#
#.....##....... #####.)......#
#####........##


You could see 2 orc priests.

Vanquished Creatures
  A phantom (D:3)
  An orc priest (D:3)
  5 adders
  2 oozes (D:1)
  2 worms (D:2)
  3 dart slugs
  2 leopard geckos (D:3)
  5 orcs
  5 giant cockroaches
  12 goblins
  2 hobgoblins
  2 quokkas (D:2)
  4 ball pythons
  6 bats
  A frilled lizard (D:3)
  4 kobolds (D:1)
  9 rats
66 creatures vanquished.

Notes
Turn   | Place    | Note
-------+----------+-------------------------------------------
     0 | D:1      | Folque the Halfling Hunter began the quest for the Orb.
     0 | D:1      | Reached XP level 1. HP: 14/14 MP: 1/1
    15 | D:1      | You fall through a shaft!
    89 | D:1      | Reached skill level 6 in Slings
    89 | D:1      | Reached XP level 2. HP: 11/19 MP: 2/2
   141 | D:1      | Found an iron altar of Okawaru.
   447 | D:1      | Reached XP level 3. HP: 23/25 MP: 3/3
   962 | D:2      | Reached XP level 4. HP: 11/31 MP: 4/4
  1321 | D:2      | Found a burning altar of Makhleb.
  1329 | D:2      | Found an ornate altar of the Wu Jian Council.
  1333 | D:2      | Found a shattered altar of Ashenzari.
  1346 | D:2      | Found a basalt altar of Yredelemnul.
  1349 | D:2      | Found a shadowy altar of Dithmenos.
  1381 | D:2      | Found a white marble altar of Elyvilon.
  1381 | D:2      | Found a snail-covered altar of Cheibriados.
  1882 | D:2      | You fall through a shaft!
  1931 | D:3      | Found a sparkling altar of Nemelex Xobeh.
  2041 | D:3      | Reached skill level 7 in Slings
  2178 | D:2      | Found a bloodstained altar of Trog.
  2214 | D:3      | Reached XP level 5. HP: 29/36 MP: 5/5
  2501 | D:3      | Noticed a phantom
  2553 | D:3      | Killed a phantom
  2553 | D:3      | Reached XP level 6. HP: 38/43 MP: 6/6
  2809 | D:3      | Found a radiant altar of Vehumet.
  2819 | D:3      | Found an iron altar of Okawaru.
  2973 | D:3      | HP: 2/64 [orc priest/enchanted war axe (7)]
  2974 | D:3      | Slain by an orc priest

Skill      XL: |  1  2  3  4  5  6 |
---------------+-------------------+-----
Fighting       | 2 3 4 |  4.0
Slings         | 6 7 |  7.1
Short Blades   | 2 |  2.4
Dodging        | 3 |  3.1
Armour         | |  0.7
Stealth        | |  1.1

Action                   |  1- 3 |  4- 6 || total
-------------------------+-------+-------++-------
Melee: Short sword       |    84 |   104 ||   188
 Fire: Hunting sling     |     8 |    75 ||    83
  Use: Scroll            |       |     7 ||     7
       Potion            |       |     3 ||     3
 Stab: Sleeping          |     3 |       ||     3
       Distracted        |       |     1 ||     1
  Eat: Chunk             |       |     6 ||     6
Armor: Leather armour    |    19 |    26 ||    45
Dodge: Dodged            |    75 |    90 ||   165
